Map: Nightscape LE

Players

LemmingFury

  • Race: Zerg Zerg
  • League: Platinum
  • Spawn Location: 1:00

ZubSero

  • Race: Terran Terran
  • Spawn Location: 1:00

MattBarry

  • Race: Protoss Protoss
  • League: Gold
  • Spawn Location: 7:00

MattBarry

  • Race: Zerg Zerg
  • League: Silver
  • Spawn Location: 7:00

VOD

Have the link to the VOD?

Description

Time

  • Played on: Jan. 20, 2023, 12:59 a.m.
  • Length: 16:59
Show
View Real Time Build Order
Export as new Build Order

LemmingFury Zerg 

Build Orders: Pool First, Lurkers 

Get SALT Encoding   

  12  0:02  Drone  
  13  0:17  Drone  
  14  0:25  Spawning Pool  
  13  0:29  Drone  
  14  0:39  Overlord  
  14  0:50  Drone, Extractor  
  14  1:03  Drone x3  
  17  1:21  Drone  
  18  1:29  Hatchery  
  18  1:31  Drone  
  18  1:37  Drone  
  19  1:42  Queen  
  21  1:57  Drone  
  21  2:01  Overlord  
  22  2:06  Metabolic Boost  
  22  2:16  Baneling Nest  
  22  2:20  Zergling x4  
  23  2:41  Queen  
  23  2:43  Drone x3  
  28  3:07  Drone x7  
  28  3:09  Baneling x2  
  35  3:38  Zergling x2  
  35  3:49  Queen  
  32  3:57  Zergling x8  
  35  4:04  Zergling x2  
  36  4:12  Hatchery  
  36  4:14  Drone  
  36  4:21  Baneling  
  36  4:22  Baneling x4  
  36  4:25  Overlord x4  
  36  4:41  Overlord x4  
  36  4:44  Queen  
  36  4:45  Queen  
  40  4:57  Zergling x8  
  44  5:15  Hatchery  
  43  5:24  Lair  
  43  5:29  Extractor  
  43  5:31  Zergling x16  
  50  5:37  Spore Crawler  
  50  5:41  Spine Crawler  
  48  5:44  Spine Crawler  
  44  6:16  Drone x9  
  53  6:28  Drone  
  53  6:29  Drone x5  
  59  6:34  Hatchery  
  58  6:44  Baneling x4  
  47  7:11  Zergling x18  
  55  7:21  Evolution Chamber  
  54  7:26  Extractor x2  
  52  7:31  Evolution Chamber  
  52  7:33  Roach Warren  
  50  7:38  Queen x2  
  55  7:44  Zergling x10  
  55  7:45  Zergling x14  
  66  7:52  Baneling x3  
  66  7:53  Baneling  
  61  8:15  Drone x5  
  61  8:16  Drone x9  
  75  8:25  Overseer  
  75  8:26  Spore Crawler, Overseer  
  74  8:27  Zerg Melee Weapons Level 1  
  74  8:38  Hydralisk Den  
  74  8:40  Drone x3  
  76  8:59  Drone x3  
  76  9:01  Drone x3  
  76  9:02  Drone  
  83  9:07  Zerg Missile Weapons Level 1  
  83  9:10  Grooved Spines  
  83  9:13  Extractor x2  
  81  9:25  Spore Crawler  
  81  9:26  Spore Crawler  
  80  9:31  Drone x3  
  80  9:32  Drone x2  
  80  9:33  Drone  
  80  9:34  Drone x2  
  87  9:42  Glial Reconstitution  
  87  9:47  Overlord x6  
  87  9:48  Overlord  
  87  9:52  Drone x3  
  90  9:53  Drone x3  
  93  10:05  Hatchery  
  92  10:16  Roach x11  
  114  10:26  Overlord x4  
  114  10:33  Zerg Ground Armor Level 1  
  114  10:41  Infestation Pit, Muscular Augments, Extractor x2  
  111  10:45  Lurker Den  
  110  10:51  Spore Crawler  
  110  10:52  Drone x9  
  110  10:53  Drone  
  119  11:00  Centrifugal Hooks  
  119  11:13  Queen  
  119  11:15  Queen x3  
  127  11:28  Hydralisk x6  
  127  11:29  Hydralisk  
  127  11:32  Drone x2  
  143  11:36  Spore Crawler  
  143  11:37  Spore Crawler  
  143  11:38  Drone x4  
  145  11:54  Hydralisk x2  
  145  11:55  Hydralisk x3  
  127  12:16  Zergling x30  
  142  12:32  Drone x3  
  145  12:37  Lurker  
  145  12:38  Lurker x11  
  157  12:44  Hive  
  157  12:46  Zerg Missile Weapons Level 2  
  157  12:48  Zerg Ground Armor Level 2  
  157  12:55  Drone  
  158  13:04  Zergling x20  
  158  13:05  Zergling x8  
  172  13:07  Infestor  
  174  13:53  Hydralisk x11  
  196  14:04  Pathogen Glands  
  196  14:06  Adaptive Talons  
  196  14:32  Lurker x2  
  196  14:33  Lurker  
  176  15:03  Seismic Spines  
  171  15:13  Lurker x8  
  177  15:23  Zergling x18  
  177  15:24  Zergling x34  
  191  16:08  Overlord x2  
  191  16:09  Overlord x4  
  189  16:28  Hydralisk x4  
  189  16:29  Hydralisk  
Show
View Real Time Build Order
Export as new Build Order

ZubSero Terran 

Build Orders: 2 Factory, Hellion Opening 

Get SALT Encoding   

  12  0:00  SCV  
  13  0:12  SCV  
  14  0:17  Supply Depot  
  14  0:24  SCV  
  15  0:31  Refinery  
  15  0:38  SCV  
  16  0:44  Barracks  
  16  0:50  SCV  
  17  1:03  SCV  
  18  1:12  Refinery  
  18  1:15  SCV  
  19  1:27  SCV  
  20  1:33  Supply Depot, Reaper  
  20  1:39  SCV  
  22  1:51  SCV  
  22  1:52  Factory  
  23  2:03  SCV  
  24  2:15  Command Center  
  24  2:21  Barracks Reactor  
  24  2:42  Factory Reactor  
  24  2:47  Factory  
  24  2:49  Orbital Command  
  24  3:10  Supply Depot  
  24  3:12  Supply Depot  
  24  3:19  Hellion x2  
  28  3:25  SCV  
  29  3:32  Orbital Command  
  29  3:37  SCV  
  30  3:47  Hellion  
  30  3:48  Hellion  
  37  3:55  Hellion x2  
  37  4:16  Orbital Command  
  39  4:17  Hellion x2  
  39  4:21  Hellion x2  
  43  4:29  SCV  
  44  4:37  Factory  
  46  4:38  Hellion  
  46  4:40  Factory  
  46  4:41  SCV  
  47  4:47  Barracks Tech Lab  
  47  4:48  SCV  
  48  4:53  SCV  
  49  5:00  SCV  
  49  5:01  Hellion  
  49  5:05  SCV  
  53  5:12  SCV  
  54  5:17  SCV  
  54  5:21  Factory Tech Lab  
  55  5:24  SCV  
  56  5:29  SCV  
  56  5:34  Supply Depot x2, Mag-Field Accelerator  
  57  5:36  Cyclone, SCV  
  57  5:41  SCV  
  62  5:43  Infernal Pre-Igniter  
  62  5:56  Cyclone, SCV x2  
  67  6:08  SCV  
  68  6:12  Supply Depot  
  68  6:14  Supply Depot, Cyclone  
  68  6:15  Supply Depot, SCV  
  68  6:17  Supply Depot, Refinery  
  68  6:18  Refinery  
  72  6:20  SCV  
  73  6:27  SCV  
  73  6:28  Cyclone  
  73  6:32  SCV  
  78  6:37  Command Center  
  78  6:40  Factory  
  78  6:41  Factory  
  78  6:46  Cyclone  
  73  7:04  Cyclone  
  74  7:18  Cyclone  
  77  7:26  Factory Tech Lab x2  
  77  7:28  SCV x2  
  79  7:34  Engineering Bay  
  79  7:36  Cyclone  
  82  7:37  Armory  
  82  7:38  Armory  
  82  7:40  SCV x2  
  84  7:47  Cyclone  
  84  7:48  Cyclone  
  84  7:50  Cyclone  
  93  7:51  Orbital Command  
  93  7:52  SCV x2, Refinery  
  93  7:58  Hellion x3  
  101  8:00  Hellion  
  101  8:05  SCV x2  
  105  8:08  Cyclone  
  108  8:17  SCV x2  
  110  8:21  Refinery  
  110  8:23  Siege Tank x2  
  110  8:26  SCV  
  117  8:29  SCV x2, Terran Ship Weapons Level 1, Terran Vehicle And Ship Armor Level 1  
  119  8:38  SCV  
  119  8:41  SCV x2  
  122  8:42  Siege Tank  
  125  8:51  Supply Depot x2  
  125  8:52  Supply Depot x2  
  125  9:05  Sensor Tower  
  125  9:06  Missile Turret  
  125  9:09  Missile Turret  
  125  9:10  Missile Turret  
  125  9:11  Command Center  
  125  9:12  SCV, Siege Tank  
  125  9:14  Supply Depot  
  125  9:15  Supply Depot  
  129  9:20  Smart Servos  
  129  9:26  SCV x3  
  132  9:32  Command Center, Siege Tank  
  132  9:36  Hellion x4  
  132  9:38  SCV x3  
  138  9:49  Siege Tank x2  
  138  9:50  SCV x3  
  147  10:02  SCV x2  
  147  10:03  SCV  
  150  10:14  SCV x2  
  150  10:15  SCV, Siege Tank x2  
  150  10:16  Sensor Tower  
  150  10:17  Refinery  
  150  10:20  Refinery  
  150  10:21  Command Center, Siege Tank x2  
  165  10:26  Command Center  
  165  10:28  Orbital Command  
  165  10:31  SCV x3  
  168  10:43  SCV x3  
  168  10:45  Orbital Command  
  171  10:52  Command Center  
  171  10:54  SCV  
  171  10:55  SCV x2  
  174  11:03  Terran Vehicle And Ship Armor Level 2, Terran Ship Weapons Level 2  
  174  11:04  Thor  
  174  11:05  Thor  
  186  11:27  Siege Tank x2  
  192  11:36  Orbital Command  
  192  11:38  Orbital Command  
  192  11:43  Command Center  
  192  11:47  Thor  
  192  11:50  Sensor Tower  
  188  12:13  Refinery  
  173  12:16  Thor x3  
  191  12:28  SCV  
  191  12:29  SCV x3  
  195  12:30  SCV  
  195  12:33  Factory  
  195  12:35  Factory  
  196  12:39  Orbital Command  
  196  12:40  Refinery  
  196  12:41  SCV  
  197  12:46  Siege Tank  
  200  12:57  Orbital Command  
  200  13:02  Command Center  
  200  13:07  Command Center  
  200  13:20  Terran Ship Weapons Level 3, Terran Vehicle And Ship Armor Level 3  
  185  14:04  Thor x4  
  185  14:05  Factory Tech Lab x2  
  197  14:18  Orbital Command  
  197  14:19  Orbital Command  
  185  14:47  Siege Tank  
  185  14:48  Thor x3  
  188  15:29  Thor x2  
  195  16:02  Factory  
  195  16:03  Factory  
  195  16:04  Factory x2  
  195  16:10  Thor  
  195  16:52  Command Center  
  195  16:54  Refinery  
  195  16:55  Refinery  
Show
View Real Time Build Order
Export as new Build Order

MattBarry Protoss 

Build Orders: 1 Gate Expand, Double Forge 

Get SALT Encoding   

  12  0:00  Probe  
  13  0:12  Probe  
  14  0:19  Pylon  
  14  0:24  Probe  
  15  0:37  Probe  
  15  0:40  Gateway  
  16  0:48  Assimilator  
  16  0:49  Probe (Chrono Boost)  
  17  1:01  Probe (Chrono Boost)  
  18  1:07  Probe (Chrono Boost)  
  19  1:17  Probe  
  20  1:27  Cybernetics Core  
  20  1:30  Probe  
  21  1:40  Nexus  
  21  1:43  Probe  
  22  1:50  Pylon  
  22  1:55  Probe  
  22  1:59  Assimilator  
  23  2:03  Warp Gate  
  23  2:08  Adept (Chrono Boost), Probe  
  26  2:17  Pylon  
  26  2:30  Adept, Probe  
  29  2:41  Gateway  
  29  2:44  Probe  
  29  2:49  Gateway  
  30  2:56  Probe x2  
  32  3:04  Sentry  
  34  3:13  Probe x2  
  34  3:16  Forge  
  36  3:25  Probe x2  
  38  3:27  Forge  
  38  3:37  Probe x2  
  40  4:16  Protoss Ground Weapons Level 1 (Chrono Boost), Protoss Ground Armor Level 1 (Chrono Boost)  
  36  4:20  Stalker  
  36  4:21  Stalker x2  
  36  4:24  Probe x2  
  44  4:27  Pylon  
  44  4:28  Pylon  
  44  4:33  Twilight Council  
  44  4:35  Pylon  
  44  4:37  Probe x2  
  46  4:40  Assimilator  
  46  4:43  Assimilator  
  46  4:49  Probe x2  
  46  4:51  Stalker x3, Robotics Facility  
  54  5:01  Probe x2  
  56  5:16  Stalker x3  
  56  5:18  Blink (Chrono Boost)  
  62  5:23  Probe x2  
  64  5:29  Pylon  
  64  5:35  Probe x2  
  66  5:39  Stalker  
  66  5:40  Stalker  
  66  5:41  Stalker  
  72  6:03  Zealot x2  
  72  6:04  Protoss Ground Weapons Level 2 (Chrono Boost), Zealot  
  78  6:05  Protoss Ground Armor Level 2 (Chrono Boost)  
  78  6:20  Nexus  
  78  6:22  Pylon  
  78  6:25  Observer  
  79  6:30  Probe x2  
  79  6:31  Robotics Bay  
  49  7:15  Stalker x2  
  49  7:16  Stalker  
  49  7:22  Gateway  
  55  7:24  Gateway  
  55  7:26  Observer, Gateway  
  55  7:27  Gateway  
  55  7:29  Gateway  
  56  7:34  Photon Cannon  
  56  7:37  Photon Cannon  
  56  7:38  Photon Cannon, Probe x3  
  56  7:41  Pylon  
  59  7:48  Assimilator  
  59  7:50  Stalker x3, Probe x3  
  68  7:52  Assimilator  
  68  8:02  Probe  
  69  8:17  Charge  
  69  8:18  Stalker x2  
  69  8:19  Stalker x2  
  77  8:25  Protoss Ground Weapons Level 3 (Chrono Boost)  
  77  8:26  Protoss Ground Armor Level 3 (Chrono Boost)  
  77  8:33  Zealot x4  
  85  8:37  Disruptor  
  88  8:46  Pylon  
  88  8:47  Pylon  
  88  8:50  Observer  
  88  8:56  Observer  
  88  9:05  Nexus  
  88  9:07  Stalker x2  
  88  9:08  Pylon  
  92  9:13  Disruptor  
  95  9:32  Templar Archives  
  95  9:33  Probe x3  
  98  9:42  Stalker x3  
  98  9:43  Stalker x4  
  98  9:45  Probe x3  
  115  9:47  Pylon  
  115  9:50  Shield Battery  
  115  9:57  Probe x2  
  115  9:58  Probe  
  118  10:02  Psionic Storm  
  118  10:09  Probe  
  118  10:10  Probe x2  
  121  10:16  High Templar x2  
  121  10:17  High Templar x2  
  121  10:18  Zealot x2  
  121  10:19  Zealot  
  121  10:20  Archon  
  135  10:21  Archon  
  135  10:45  Probe x3  
  135  10:46  Probe  
  139  10:53  Assimilator  
  139  10:57  Assimilator  
  141  11:10  Zealot x4  
  141  11:11  Zealot x4  
  155  11:29  Photon Cannon  
  155  11:30  Photon Cannon  
  155  11:32  Photon Cannon  
  155  11:35  Stalker x3  
  155  11:36  Stalker  
  163  11:44  Pylon  
  163  11:46  Pylon  
  163  11:49  Pylon  
  119  12:18  Stalker x3  
  119  12:19  Stalker x5  
  135  12:33  Observer  
  135  12:34  Pylon  
  135  12:37  Pylon  
  135  12:45  High Templar x2  
  135  12:46  High Templar x2  
  135  12:47  Zealot x4  
  151  12:52  Nexus  
  151  12:54  Pylon  
  151  12:56  Pylon  
  151  12:59  Disruptor  
  154  13:08  Zealot x4  
  162  13:16  Photon Cannon  
  162  13:18  Photon Cannon  
  162  13:20  Photon Cannon  
  162  13:22  Gateway  
  162  13:23  Gateway  
  162  13:25  Gateway  
  162  13:36  Observer  
  163  13:56  Disruptor  
  154  14:05  Stalker x2  
  154  14:06  Stalker x6  
  170  14:26  Zealot x3  
  127  14:55  Archon  
  114  15:09  Stalker x2  
  114  15:10  Stalker x7  
  114  15:11  Stalker x2  
  118  15:35  Zealot x6  
  90  15:36  Zealot x5  
  100  15:57  Zealot x6  
  100  15:58  Zealot x5  
  78  16:22  Disruptor  
  78  16:25  Stalker x2  
  76  16:26  Stalker x5  
  76  16:27  Stalker x2  
  48  16:55  Zealot x3  
  48  16:56  Zealot x5  
  48  16:57  Zealot  
Show
View Real Time Build Order
Export as new Build Order

MattBarry Zerg 

Build Orders: Pool First, Brood Lord Corruptor 

Get SALT Encoding   

  12  0:00  Drone  
  13  0:14  Overlord  
  13  0:17  Drone  
  14  0:27  Extractor  
  13  0:28  Drone  
  14  0:42  Drone  
  15  0:47  Spawning Pool  
  14  0:53  Drone  
  14  0:56  Drone  
  16  1:01  Drone  
  17  1:34  Zergling x6  
  17  1:37  Queen  
  22  1:47  Hatchery  
  21  1:54  Overlord  
  21  2:06  Zergling x2  
  21  2:07  Metabolic Boost  
  22  2:16  Baneling Nest  
  20  2:23  Zergling x4  
  22  2:33  Drone  
  22  2:44  Zergling x2  
  22  2:50  Zergling x2  
  22  2:51  Zergling x4  
  26  2:52  Zergling x2  
  27  3:05  Zergling x4, Evolution Chamber  
  28  3:19  Drone x4  
  32  3:27  Queen  
  29  4:02  Zerg Missile Weapons Level 1  
  28  4:03  Roach Warren  
  27  4:21  Drone  
  27  4:22  Drone x2  
  30  4:28  Evolution Chamber  
  29  4:37  Lair, Extractor  
  28  4:44  Drone x5  
  28  4:45  Drone, Overlord  
  34  4:50  Overlord  
  34  5:19  Zerg Ground Armor Level 1  
  34  5:23  Drone  
  34  5:24  Drone x3, Overlord  
  34  5:25  Zergling x4  
  40  5:32  Queen  
  42  5:39  Roach x2  
  43  6:07  Roach x4  
  48  6:28  Roach  
  48  6:29  Roach  
  52  6:38  Extractor  
  51  6:40  Extractor  
  50  6:54  Roach  
  50  6:55  Roach x3  
  57  7:11  Overlord x4  
  57  7:25  Overlord x3  
  57  7:35  Spine Crawler  
  56  7:38  Spine Crawler  
  56  7:42  Zerg Missile Weapons Level 2  
  55  7:45  Drone x2  
  55  7:46  Drone x4  
  61  7:53  Overseer  
  61  7:54  Overseer  
  61  8:13  Drone x7  
  61  8:18  Spore Crawler  
  67  8:20  Spore Crawler  
  67  8:22  Spore Crawler  
  67  8:23  Spore Crawler  
  67  8:25  Queen  
  67  8:26  Drone  
  67  8:27  Spore Crawler, Drone x4  
  68  8:32  Ravager x2  
  68  8:33  Ravager x2  
  74  8:38  Zergling x4  
  76  8:53  Infestation Pit  
  75  9:24  Drone x2  
  75  9:25  Drone x2, Overlord  
  75  9:30  Spire  
  78  9:35  Hive  
  78  10:04  Zerg Ground Armor Level 2  
  73  10:18  Zergling x2  
  73  10:19  Zergling x8  
  73  10:20  Roach x2  
  82  10:33  Hatchery  
  81  10:46  Drone  
  81  10:47  Drone  
  81  10:48  Overlord  
  83  10:50  Roach x3  
  83  10:51  Roach x2  
  83  10:53  Greater Spire  
  93  10:59  Zerg Melee Weapons Level 1  
  93  11:01  Drone x5  
  98  11:18  Hatchery  
  96  11:48  Roach x7  
  96  11:49  Roach, Overlord x3  
  75  12:21  Corruptor x6  
  81  12:54  Drone x3  
  81  12:57  Queen  
  86  13:13  Extractor x2  
  84  13:22  Drone  
  84  13:23  Drone, Overlord x2  
  86  13:27  Brood Lord x3  
  86  13:30  Drone  
  86  13:31  Corruptor  
  93  13:48  Brood Lord  
  95  14:07  Drone  
  95  14:08  Overlord  
  95  14:09  Corruptor x2  
  100  14:26  Corruptor x3  
  100  14:27  Corruptor x4  
  100  14:29  Brood Lord x3  
  118  14:46  Ravager  
  113  14:54  Corruptor x3  
  104  15:45  Brood Lord  
  104  15:46  Brood Lord x5  
  96  15:53  Zergling x2  
  96  15:54  Zergling x28  
  96  15:55  Zergling x8  
Tags
 
Add a new tag
Caveats
  • Supply blocks, unpowered buildings, or Contaminate may cause inaccurate times.
  • Supply counts are checked every 10 seconds.